Map: Lerilak Crest

Players

LilDicky - Winner!

  • Race: Terran Terran
  • League: Diamond

Epic

  • Race: Terran Terran
  • League: Gold

VOD

http://www.twitch.tv/tumescentpie

Description

Time

  • Played on: Dec. 17, 2015, 8:40 p.m.
  • Length: 12:36
Show
View Real Time Build Order
Export as new Build Order

LilDicky Terran - Winner!

Build Orders: Command Center First (CC) 

Get SALT Encoding   

  12  0:01  SCV  
  13  0:13  SCV  
  14  0:18  Supply Depot  
  14  0:26  SCV  
  15  0:41  SCV  
  16  0:56  SCV  
  17  1:02  Command Center  
  17  1:08  SCV  
  18  1:16  Barracks  
  18  1:23  SCV  
  19  1:36  SCV  
  20  1:44  Refinery  
  20  1:47  Refinery  
  20  1:49  SCV  
  21  1:55  Supply Depot  
  21  2:01  SCV  
  22  2:18  Orbital Command x2  
  22  2:25  Barracks Tech Lab, Barracks  
  22  2:35  Barracks  
  22  2:48  SCV  
  22  2:49  SCV  
  24  2:55  Marauder  
  26  2:58  Stimpack  
  26  3:00  SCV  
  27  3:09  SCV  
  28  3:12  SCV  
  28  3:13  Barracks Tech Lab  
  28  3:16  Marauder  
  31  3:22  Barracks Tech Lab  
  31  3:26  SCV  
  32  3:29  Engineering Bay  
  32  3:31  SCV  
  33  3:36  Concussive Shells  
  33  3:37  Marauder x2  
  33  3:38  SCV  
  37  3:42  Marauder  
  37  3:44  SCV  
  40  3:49  Bunker  
  40  3:50  SCV  
  41  3:58  Bunker  
  41  3:59  Marauder  
  41  4:00  SCV  
  44  4:03  Marauder  
  46  4:22  SCV, Marauder x2  
  51  4:25  Marauder  
  51  4:27  Supply Depot  
  51  4:29  SCV  
  54  4:47  Supply Depot, Barracks, SCV  
  54  4:48  SCV, Barracks  
  54  4:49  Marauder  
  54  4:52  Marauder  
  59  4:58  Supply Depot  
  59  4:59  SCV  
  60  5:03  Marauder  
  62  5:08  SCV  
  62  5:12  Supply Depot  
  62  5:13  SCV, Marauder  
  66  5:18  Terran Infantry Weapons Level 1  
  66  5:20  Supply Depot  
  66  5:22  Marauder  
  66  5:25  SCV  
  66  5:26  SCV  
  70  5:32  Marauder  
  72  5:38  Supply Depot  
  72  5:40  Missile Turret  
  72  5:42  Barracks Tech Lab  
  72  5:43  Barracks Tech Lab  
  72  5:50  Missile Turret  
  72  5:51  SCV  
  72  5:52  SCV  
  74  5:58  Marauder  
  74  6:02  Marauder  
  79  6:04  Command Center, SCV x2  
  79  6:07  Marauder x2  
  84  6:16  Supply Depot, Missile Turret  
  84  6:20  Marauder  
  84  6:21  Supply Depot  
  84  6:23  Marauder  
  88  6:26  SCV x2  
  88  6:30  Marauder  
  92  6:36  Marauder  
  92  6:38  SCV, Marauder  
  92  6:39  SCV  
  98  6:43  Supply Depot  
  98  6:45  Marauder  
  100  6:50  SCV  
  100  6:51  SCV  
  102  6:56  Factory, Marauder  
  102  6:59  Marauder  
  106  7:02  SCV  
  107  7:11  Supply Depot, Marauder x2  
  107  7:12  Marauder  
  107  7:13  SCV  
  114  7:18  Orbital Command  
  114  7:21  Marauder  
  115  7:26  Bunker  
  115  7:28  Bunker  
  119  7:51  Marauder x4  
  119  7:52  Marauder  
  123  8:11  Missile Turret  
  121  8:18  Marauder x3  
  121  8:19  Marauder x2  
  93  8:45  Marauder  
  93  8:46  Factory Reactor, Marauder x4  
  93  8:47  Starport  
  93  8:48  SCV x3  
  95  9:00  SCV  
  96  9:07  Marauder x2  
  96  9:09  SCV x2  
  102  9:10  Refinery  
  102  9:15  Refinery  
  102  9:16  Command Center, Supply Depot  
  102  9:17  Command Center, Missile Turret  
  102  9:28  Missile Turret  
  102  9:31  Marauder x5  
  109  9:49  Viking, Missile Turret  
  109  9:52  Marauder  
  113  9:59  Marauder x4  
  120  10:13  Missile Turret x2  
  120  10:14  Missile Turret, Marauder  
  122  10:15  Missile Turret  
  122  10:16  Refinery  
  122  10:17  Refinery  
  122  10:20  Widow Mine  
  124  10:21  Viking x2  
  124  10:23  Command Center  
  124  10:26  Missile Turret, Marauder x3  
  133  10:43  Marauder x2  
  133  10:46  Orbital Command  
  133  10:47  Refinery  
  133  10:48  Widow Mine  
  139  10:51  Viking x2  
  139  10:52  Marauder x3  
  149  10:57  Barracks x2, Missile Turret  
  149  10:59  Barracks  
  149  11:04  Marauder  
  149  11:05  Marauder  
  153  11:13  Marauder  
  153  11:14  Marauder  
  153  11:17  Marauder  
  159  11:25  Missile Turret  
  159  11:26  Marauder  
  159  11:29  Missile Turret  
  161  11:43  Marauder x4  
  165  11:47  Marauder  
  165  11:51  Refinery  
  165  12:04  Marauder  
  165  12:23  Barracks Tech Lab x2  
  165  12:24  Barracks Tech Lab  
Show
View Real Time Build Order
Export as new Build Order

Epic Terran 

Build Orders:  

Get SALT Encoding   

  12  0:01  SCV  
  13  0:13  SCV  
  14  0:24  Supply Depot  
  14  0:26  SCV  
  15  0:37  Refinery  
  15  0:46  SCV  
  15  0:48  Barracks  
  16  0:58  SCV  
  17  1:10  SCV  
  18  1:19  Supply Depot  
  18  1:23  SCV  
  19  1:35  Marine  
  19  1:38  Orbital Command  
  20  1:53  Command Center  
  20  1:57  Marine  
  21  2:06  SCV  
  22  2:14  Marine  
  23  2:18  SCV  
  23  2:21  Barracks  
  24  2:30  SCV  
  24  2:32  Marine  
  24  2:33  Refinery  
  26  2:42  SCV  
  27  2:50  Marine  
  28  2:51  Factory  
  28  2:55  SCV  
  29  2:58  Engineering Bay  
  29  3:07  SCV  
  29  3:08  Marine  
  31  3:17  Barracks Tech Lab  
  31  3:19  SCV  
  32  3:26  Marine  
  33  3:27  Missile Turret  
  33  3:31  SCV  
  34  3:38  Marine  
  35  3:43  Orbital Command  
  35  3:44  Marine  
  35  3:45  Factory Tech Lab  
  36  3:54  SCV  
  37  4:00  Combat Shields  
  37  4:01  Marine  
  38  4:05  Siege Tank  
  38  4:06  SCV  
  38  4:08  Terran Infantry Weapons Level 1  
  38  4:09  SCV  
  43  4:13  Barracks Reactor  
  43  4:15  Missile Turret  
  43  4:18  SCV  
  43  4:19  Marine  
  43  4:21  SCV  
  43  4:23  Refinery  
  46  4:30  Supply Depot  
  46  4:34  Supply Depot  
  46  4:52  SCV, Siege Tank, Missile Turret, Marine  
  51  4:57  SCV, Refinery  
  52  5:03  Supply Depot  
  52  5:04  SCV  
  52  5:06  Supply Depot  
  53  5:09  SCV, Missile Turret, Marine  
  53  5:13  Marine x2  
  57  5:16  SCV  
  58  5:24  Siege Tank  
  58  5:27  SCV, Marine  
  63  5:28  SCV  
  63  5:31  Marine x2  
  66  5:38  Starport  
  66  5:39  SCV  
  66  5:40  SCV  
  67  5:43  Starport  
  67  5:45  Marine  
  68  5:51  SCV  
  68  5:52  SCV  
  70  5:58  Siege Tank  
  70  6:02  Terran Infantry Armor Level 1  
  73  6:04  Factory  
  73  6:05  SCV  
  74  6:12  SCV  
  75  6:22  Starport Reactor x2  
  75  6:24  SCV  
  76  6:27  Supply Depot  
  76  6:28  Supply Depot  
  76  6:40  Command Center  
  76  6:49  Factory Tech Lab, Siege Tank  
  79  6:59  Marine x3  
  82  7:08  Medivac  
  82  7:09  Medivac x3  
  90  7:16  Marine  
  90  7:17  Marine x2  
  90  7:20  Supply Depot  
  90  7:21  Supply Depot  
  93  7:27  Supply Depot  
  36  8:23  Planetary Fortress  
  24  8:39  Orbital Command  
  20  8:54  Barracks Reactor, Starport Reactor  
  20  8:55  Barracks Reactor  
  20  8:58  Starport Reactor  
  20  9:06  Factory Tech Lab  
  20  9:09  SCV  
  21  9:13  SCV  
  22  9:21  SCV  
  23  9:25  SCV  
  24  9:34  SCV  
  24  9:37  SCV  
  23  9:46  SCV  
  23  9:49  SCV  
  25  9:57  Marine x4  
  25  9:58  SCV  
  30  10:01  SCV  
  31  10:10  SCV  
  31  10:13  SCV  
  33  10:17  Marine x4  
  37  10:22  SCV  
  37  10:25  SCV  
  39  10:34  SCV  
  39  10:37  SCV  
  39  10:42  Marine x4  
  33  10:49  SCV  
  35  10:53  SCV  
  36  11:00  Marine x4  
  40  11:05  SCV, Medivac x2  
  45  11:16  Orbital Command  
  45  11:22  SCV  
  46  11:31  Refinery  
  46  11:34  Refinery  
  46  11:43  SCV  
  39  11:55  SCV  
  39  12:07  SCV  
Tags
 
Add a new tag
Caveats
  • Supply blocks, unpowered buildings, or Contaminate may cause inaccurate times.
  • Supply counts are checked every 10 seconds.